Map: Neon Violet Square LE

Players

Stropheum - Winner!

  • Race: Zerg Zerg
  • League: Diamond
  • Spawn Location: 11:00

LiquidSheth

  • Race: Zerg Zerg
  • League: Diamond
  • Spawn Location: 5:00

VOD

Have the link to the VOD?

Description

Time

  • Played on: March 10, 2018, 1:22 p.m.
  • Length: 16:10
Show
View Real Time Build Order
Export as new Build Order

Stropheum Zerg - Winner!

Build Orders: Hatch First, Lurkers, Muta Ling Bane 

Get SALT Encoding   

  12  0:01  Drone  
  13  0:13  Overlord  
  13  0:18  Drone  
  14  0:31  Drone x2  
  14  0:35  Drone  
  17  0:53  Hatchery  
  16  0:57  Drone  
  16  1:01  Drone  
  18  1:12  Extractor  
  18  1:16  Spawning Pool  
  16  1:20  Drone  
  16  1:23  Drone  
  18  1:28  Drone  
  19  1:39  Overlord  
  19  1:51  Drone  
  20  2:01  Drone  
  21  2:05  Queen x2  
  21  2:06  Zergling x2  
  26  2:11  Spine Crawler  
  26  2:13  Zergling x2  
  26  2:20  Metabolic Boost  
  26  2:23  Zergling x2  
  26  2:28  Zergling x2  
  28  2:30  Zergling x2  
  27  2:53  Baneling Nest  
  27  2:57  Drone x5  
  31  3:05  Overlord  
  31  3:15  Drone x2  
  33  3:25  Hatchery  
  32  3:32  Zergling x6  
  34  3:34  Zergling x2  
  34  3:37  Zergling x2  
  34  3:40  Zergling x2  
  37  3:45  Zergling x4  
  39  3:52  Baneling x3  
  39  3:53  Baneling x3  
  39  4:03  Overlord, Drone  
  39  4:04  Drone  
  40  4:16  Overlord  
  40  4:19  Lair  
  34  4:26  Zergling x6  
  34  4:27  Zergling x2  
  38  4:32  Drone  
  38  4:33  Drone x2  
  38  4:36  Extractor  
  40  4:40  Drone x2  
  42  4:48  Drone x3  
  45  4:57  Drone x3  
  45  4:58  Drone x2  
  50  5:02  Extractor x2  
  50  5:03  Overlord  
  50  5:05  Drone  
  48  5:14  Drone x2  
  48  5:15  Drone x2  
  52  5:23  Spire  
  52  5:27  Drone x2  
  53  5:29  Drone  
  53  5:52  Spine Crawler  
  53  5:55  Spine Crawler  
  53  5:56  Spine Crawler  
  48  5:57  Zergling x20  
  57  6:19  Spine Crawler  
  56  6:31  Zergling x20  
  66  6:43  Mutalisk  
  66  6:44  Mutalisk x4  
  72  6:47  Drone  
  72  6:48  Overlord x2  
  70  7:02  Drone x3  
  70  7:04  Overlord x4  
  73  7:15  Zerg Flyer Weapons Level 1  
  73  7:19  Extractor x2  
  63  7:30  Drone x3  
  63  7:32  Drone x4  
  63  7:33  Drone x5  
  75  7:44  Mutalisk  
  77  7:53  Mutalisk x2  
  77  7:54  Hatchery  
  80  8:12  Hatchery  
  78  8:18  Mutalisk x4  
  78  8:19  Mutalisk x3  
  88  8:23  Baneling  
  88  8:24  Baneling x2  
  88  8:29  Queen  
  88  8:32  Zergling x10  
  95  8:44  Roach Warren  
  95  8:45  Infestation Pit, Overseer  
  95  8:46  Pneumatized Carapace  
  93  8:53  Drone x2  
  93  8:54  Drone x4  
  99  9:12  Centrifical Hooks  
  99  9:13  Zergling x14  
  99  9:14  Zergling x2  
  107  9:17  Zerg Flyer Weapons Level 2  
  107  9:23  Overseer  
  107  9:30  Mutalisk x4  
  115  9:32  Overlord  
  115  9:41  Overlord x3  
  115  9:44  Extractor  
  115  9:45  Extractor  
  113  9:46  Drone x3  
  116  10:04  Glial Reconstitution  
  116  10:08  Evolution Chamber  
  116  10:09  Evolution Chamber  
  114  10:15  Drone x16  
  130  10:22  Hive  
  130  10:42  Zerg Ground Armor Level 1, Zerg Missile Weapons Level 1  
  130  10:49  Hydralisk Den  
  129  10:56  Overlord x7  
  129  11:08  Zergling x6  
  129  11:09  Zergling x28  
  129  11:11  Baneling x8  
  137  11:28  Zergling x26  
  135  11:34  Zergling x4  
  108  11:42  Mutalisk x3  
  104  11:51  Mutalisk x4  
  105  11:57  Grooved Spines  
  104  12:07  Spine Crawler  
  104  12:08  Spine Crawler  
  102  12:11  Baneling x8  
  102  12:12  Baneling x18  
  102  12:13  Baneling  
  102  12:26  Zerg Flyer Weapons Level 3  
  89  12:44  Roach x3  
  89  12:45  Roach x11  
  89  12:47  Overseer  
  89  12:48  Overseer  
  117  12:56  Hydralisk x3  
  123  12:59  Lurker Den  
  122  13:08  Muscular Augments  
  122  13:20  Roach, Hydralisk x5  
  122  13:21  Roach x5  
  144  13:35  Zerg Missile Weapons Level 2  
  144  13:36  Zerg Ground Armor Level 2  
  144  13:44  Hatchery  
  143  13:54  Hydralisk x3  
  143  13:55  Roach x4, Hydralisk  
  159  14:17  Overseer x2  
  159  14:21  Hydralisk x7  
  159  14:22  Hydralisk  
  175  14:34  Lurker x8  
  175  14:36  Hydralisk  
  175  14:37  Roach  
  189  14:38  Roach  
  189  14:41  Roach  
  191  15:01  Adaptive Talons  
  191  15:04  Roach x2, Hydralisk x2  
  191  15:06  Drone  
  200  15:36  Spine Crawler  
  200  15:38  Spine Crawler  
  200  15:39  Spine Crawler x2  
  200  15:40  Spine Crawler  
  193  15:49  Roach x6  
  172  16:04  Spore Crawler  
Show
View Real Time Build Order
Export as new Build Order

LiquidSheth Zerg 

Build Orders: Pool First, Lurkers 

Get SALT Encoding   

  12  0:02  Drone  
  13  0:13  Overlord  
  13  0:19  Drone  
  14  0:25  Extractor  
  14  0:26  Drone  
  15  0:35  Drone  
  16  0:45  Spawning Pool  
  16  0:49  Drone  
  16  0:51  Drone  
  16  0:55  Extractor  
  17  0:57  Drone  
  17  1:20  Hatchery  
  16  1:34  Zergling x2  
  16  1:35  Zergling x4  
  19  1:42  Queen  
  21  1:49  Drone  
  22  1:58  Metabolic Boost  
  22  2:10  Overlord  
  22  2:29  Queen, Drone x3  
  27  2:37  Drone  
  27  2:47  Drone x2  
  28  3:00  Baneling Nest  
  28  3:04  Queen  
  28  3:05  Zergling x10  
  33  3:15  Zergling x4  
  35  3:30  Zergling x2  
  36  3:36  Overlord  
  36  3:41  Hatchery  
  35  3:53  Baneling x3  
  35  3:54  Baneling x2  
  35  3:55  Drone x2  
  35  3:56  Drone  
  37  4:08  Roach Warren  
  33  4:27  Baneling x2  
  33  4:29  Drone x8  
  41  4:48  Overlord  
  41  4:49  Overlord, Drone x3  
  43  5:16  Roach x6  
  43  5:17  Roach x2  
  43  5:19  Roach  
  61  5:22  Drone x2  
  61  5:23  Drone  
  64  5:34  Overlord x2  
  64  6:00  Drone  
  64  6:01  Drone x13  
  78  6:04  Lair  
  78  6:09  Extractor  
  77  6:22  Extractor  
  77  6:23  Extractor  
  75  6:27  Overlord x2  
  75  6:28  Drone x5  
  75  6:32  Extractor, Queen  
  81  6:41  Queen  
  75  6:50  Drone  
  75  6:52  Roach x8  
  82  7:09  Evolution Chamber x2  
  82  7:10  Evolution Chamber  
  82  7:11  Baneling  
  82  7:12  Baneling x2  
  79  7:30  Drone x2  
  79  7:31  Drone x8  
  79  7:32  Overlord  
  79  7:34  Extractor  
  88  7:37  Hydralisk Den  
  87  7:52  Spore Crawler  
  87  7:53  Spore Crawler  
  87  7:54  Spore Crawler  
  87  7:55  Spore Crawler x2  
  87  7:57  Spore Crawler  
  87  7:58  Spore Crawler  
  80  7:59  Spore Crawler x2, Drone x4  
  80  8:00  Spore Crawler, Drone x6  
  68  8:28  Hydralisk x2  
  68  8:29  Hydralisk x9  
  68  8:32  Zerg Missile Weapons Level 1  
  90  8:36  Zerg Ground Armor Level 1  
  90  8:41  Overseer  
  90  9:00  Overlord x4  
  90  9:01  Overlord x3  
  90  9:09  Unknown  
  90  9:20  Muscular Augments  
  90  9:22  Lurker Den  
  89  9:24  Hatchery  
  89  9:30  Hydralisk x5  
  89  9:31  Hydralisk  
  98  9:35  Zergling x4  
  102  9:59  Unknown  
  102  10:04  Overlord x6  
  102  10:08  Spore Crawler  
  101  10:15  Baneling x2  
  101  10:19  Baneling x2  
  101  10:26  Hydralisk  
  101  10:27  Hydralisk x10  
  121  10:40  Extractor  
  120  10:44  Hydralisk x5  
  130  10:54  Unknown  
  130  11:02  Zerg Ground Armor Level 2, Zerg Missile Weapons Level 2  
  130  11:06  Hydralisk x4  
  124  11:33  Hydralisk  
  124  11:34  Hydralisk x4  
  124  11:36  Hatchery, Hydralisk  
  85  11:55  Hydralisk x2  
  85  11:56  Roach x4, Hydralisk  
  95  12:05  Lurker x5  
  100  12:38  Extractor  
  100  12:41  Extractor  
  100  12:43  Drone x2  
  100  12:44  Drone x19  
  109  12:53  Infestation Pit  
  109  12:58  Spore Crawler  
  107  12:59  Spore Crawler  
  107  13:02  Spore Crawler  
  105  13:23  Drone x3  
  105  13:24  Extractor  
  107  13:45  Roach  
  107  13:46  Roach x10  
  107  13:47  Hatchery, Roach  
  130  14:00  Spire  
  129  14:25  Overlord x6  
  129  14:26  Hydralisk  
  129  14:27  Hydralisk x3  
  137  14:35  Hive  
  137  14:37  Grooved Spines  
  137  14:40  Burrow  
  137  14:48  Glial Reconstitution  
  137  15:18  Corruptor x7  
  151  15:22  Overseer  
  138  15:55  Spore Crawler  
  138  15:56  Spore Crawler  
Tags
 
Add a new tag
Caveats
  • Supply blocks, unpowered buildings, or Contaminate may cause inaccurate times.
  • Supply counts are checked every 10 seconds.